[Event "Titled Tuesday Blitz December 20 Early 2022"]
[White "Mekhitarian, Krikor Sevag"]
[Black "temiksmozg"]
[WhiteFideId "2107660"]
[WhiteElo "2604"]
[BlackElo "2549"]
[Result "1-0"]
[Round "02"]
[TimeControl "180+2"]
[Date "2022.12.20"]
[WhiteClock "0:00:05"]
[BlackClock "0:00:01"]

1. e4 c5 2. Nf3 Nc6 3. Bb5 g6 4. Bxc6 dxc6 5. d3 Bg7 6. Nc3 e5 7. Be3 b6 8. a3 Qc7 9. b4 cxb4 10. axb4 Nf6 11. h3 O-O 12. O-O Rd8 13. Qb1 Bb7 14. Nd2 Nd7 15. f3 Nf8 16. Ne2 Ne6 17. Qa2 a5 18. bxa5 Rxa5 19. Qb2 Rxa1 20. Rxa1 b5 21. Nb3 Ra8 22. Rxa8+ Bxa8 23. Qa3 Qb8 24. Qa6 Qb7 25. Qxb7 Bxb7 26. Nc5 Nxc5 27. Bxc5 Bc8 28. Kf2 Be6 29. Ke3 Bh6+ 30. Kf2 f6 31. g4 Kf7 32. Nc3 Bc1 33. Nd1 Ba2 34. Be3 Ba3 35. Ke2 Ke7 36. Nc3 Be6 37. Bd2 Bb4 38. Nd1 Bxd2 39. Kxd2 Kd6 40. c3 c5 41. Ne3 Kc6 42. Nc2 Kb6 43. d4 cxd4 44. cxd4 exd4 45. Nxd4 Bd7 46. Kc3 Ka5 47. Nb3+ Kb6 48. Kb4 Be6 49. Nc5 Bc8 50. h4 Kc6 51. Nb3 Kb6 52. Nd4 Bd7 53. g5 fxg5 54. hxg5 Kc7 55. e5 Kd8 56. Nxb5 Ke7 57. Nd4 Bc8 58. f4 Bb7 59. Kc5 Bc8 60. Nc2 Bf5 61. Ne3 Be4 62. Kd4 Bf3 63. Nd5+ Ke6 64. Nf6 Kf5 65. Ke3 Bc6 66. Nxh7 Kg4 67. Nf6+ Kf5 68. Ng8 Ke6 69. Nh6 Bb5 70. Kf2 Ba6 71. Kg3 Be2 72. Ng4 Bd1 73. Ne3 Bb3 74. Kf2 Ke7 75. Ke1 Ke6 76. Kd2 Ba4 77. Kc3 Bb5 78. Kd4 Be2 79. Ke4 Bb5 80. f5+ gxf5+ 81. Nxf5 Ba4 82. Kf4 Bc2 83. Nd4+ 1-0


[Site "https://www.chess.com"]

[Event "Titled Tuesday Blitz December 20 Early 2022"]
[White "Meri-Arabidze"]
[Black "Ivan11Martic"]
[WhiteElo "2730"]
[BlackElo "2528"]
[Result "1-0"]
[Round "02"]
[TimeControl "180+2"]
[Date "2022.12.20"]
[WhiteClock "0:01:38"]
[BlackClock "0:01:31"]

1. Nf3 Nf6 2. g3 d5 3. Bg2 c6 4. O-O Bg4 5. h3 Bh5 6. d3 e6 7. Qe1 Be7 8. e4 O-O 9. Nbd2 a5 10. g4 Bg6 11. Ne5 a4 12. Nxg6 hxg6 13. a3 Qb6 14. Kh1 Nbd7 15. e5 Ne8 16. f4 c5 17. c4 dxc4 18. Nxc4 Qc7 19. f5 gxf5 20. gxf5 exf5 21. Rxf5 Ra6 22. Bf4 Re6 23. Bh2 g6 24. Rf1 Ng7 25. Bd5 b5 26. Bxe6 Nxe6 27. Nd6 Qc6+ 28. Qe4 Qc7 29. Nxf7 Kg7 30. Rg1 Ng5 31. Nxg5 Bxg5 32. Rxg5 Qb7 1-0


[Site "https://www.chess.com"]

[Event "Titled Tuesday Blitz December 20 Early 2022"]
[White "Mestnikov, Aisen"]
[Black "tdf98pantani"]
[WhiteFideId "34130117"]
[WhiteElo "2043"]
[BlackElo "2734"]
[Result "0-1"]
[Round "02"]
[TimeControl "180+2"]
[Date "2022.12.20"]
[WhiteClock "0:00:05"]
[BlackClock "0:00:20"]

1. d4 d5 2. c4 e6 3. Nf3 c6 4. g3 dxc4 5. Bg2 b5 6. Ne5 Bb7 7. Nc3 a6 8. a4 Qc8 9. O-O Nf6 10. Bg5 Nbd7 11. Rc1 h6 12. Bxf6 Nxf6 13. b3 b4 14. Nxc4 bxc3 15. Nb6 Qd8 16. Nxa8 Bb4 17. Qd3 O-O 18. Qc4 a5 19. Bxc6 Qc8 20. Bxb7 Qxb7 21. Nc7 Rc8 22. Rfd1 Rxc7 23. Qd3 Qd5 24. f3 Qxb3 25. e4 Qxa4 26. d5 Rd7 27. Qc4 exd5 28. exd5 Qa3 29. h4 g6 30. g4 Rxd5 31. Rxd5 Qxc1+ 32. Kg2 Nxd5 33. Qxd5 Qd2+ 34. Kg3 Qxd5 0-1


[Site "https://www.chess.com"]

[Event "Titled Tuesday Blitz December 20 Early 2022"]
[White "Michelin, Badi"]
[Black "Szpar, Milosz"]
[WhiteFideId "26032708"]
[BlackFideId "1184989"]
[WhiteElo "1762"]
[BlackElo "2447"]
[Result "0-1"]
[Round "02"]
[TimeControl "180+2"]
[Date "2022.12.20"]
[WhiteClock "0:00:11"]
[BlackClock "0:00:28"]

1. Nf3 d5 2. e3 Nf6 3. c4 e6 4. b3 Be7 5. Bb2 O-O 6. Be2 dxc4 7. Bxc4 a6 8. d4 b5 9. Bd3 Bb7 10. Nbd2 Nbd7 11. Rc1 Rc8 12. O-O c5 13. Bb1 Qb6 14. Qe2 Rfd8 15. Rfd1 h6 16. h3 cxd4 17. Nxd4 Nc5 18. e4 Ncd7 19. Kh1 Rxc1 20. Rxc1 Nf8 21. f3 Rxd4 22. Bxd4 Qxd4 23. Rc7 Bb4 24. Rxb7 Bxd2 25. Bd3 Nh5 26. Qxd2 Ng3+ 27. Kh2 Nf1+ 28. Bxf1 Qxd2 29. Ra7 Qf2 30. Bd3 Qxa7 0-1


[Site "https://www.chess.com"]

[Event "Titled Tuesday Blitz December 20 Early 2022"]
[White "Michels, Achim"]
[Black "santosalberto1987"]
[WhiteFideId "4677889"]
[WhiteElo "2163"]
[BlackElo "2495"]
[Result "1-0"]
[Round "02"]
[TimeControl "180+2"]
[Date "2022.12.20"]
[WhiteClock "0:00:10"]
[BlackClock "0:00:12"]

1. e4 c5 2. Nf3 g6 3. d4 Bg7 4. dxc5 Qa5+ 5. Bd2 Qxc5 6. Bc3 Nf6 7. Nbd2 Ng4 8. Qe2 Bxc3 9. bxc3 Qxc3 10. Rd1 Nc6 11. h3 Nb4 12. Rb1 Nf6 13. Rb3 Nxc2+ 14. Kd1 Qc5 15. Qc4 Qxf2 16. Qxc2 d6 17. Nc4 Qc5 18. Ne3 Qa5 19. Bc4 O-O 20. Qd2 Bd7 21. Qxa5 Nxe4 22. Ke1 Nc5 23. Qa3 Bc6 24. Rc3 Ne4 25. Bd5 Nxc3 26. Qxc3 Rac8 27. Bxc6 Rxc6 28. Qd2 Rfc8 29. Ke2 e6 30. Nd4 Rc5 31. Nb3 Re5 32. Rc1 Rxc1 33. Qxc1 d5 34. Qc8+ Kg7 35. Qxb7 Re4 36. Nd4 Rxd4 37. Qxa7 Re4 38. a4 d4 39. Kd3 Rxe3+ 40. Kxd4 Ra3 41. a5 Kf6 42. Kc4 Ra1 43. Qd4+ Ke7 44. Qxa1 1-0


[Site "https://www.chess.com"]

[Event "Titled Tuesday Blitz December 20 Early 2022"]
[White "Mikusinski, Bartosz"]
[Black "talaicito"]
[WhiteFideId "1111256"]
[WhiteElo "2090"]
[BlackElo "2293"]
[Result "1-0"]
[Round "02"]
[TimeControl "180+2"]
[Date "2022.12.20"]
[WhiteClock "0:00:58"]
[BlackClock "0:00:01"]

1. e4 c5 2. Nf3 d6 3. d4 cxd4 4. Nxd4 Nf6 5. Nc3 g6 6. Be3 Bg7 7. f3 O-O 8. Qd2 Nc6 9. O-O-O d5 10. Qe1 e5 11. Nxc6 bxc6 12. exd5 Nxd5 13. Bc4 Be6 14. Ne4 Rb8 15. Bc5 Re8 16. Bb3 Qc7 17. Bd6 Qb7 18. Nc5 Qb5 19. c4 Qb6 20. Nxe6 fxe6 21. Bxb8 Rxb8 22. cxd5 cxd5 23. Kb1 a5 24. Qg1 Qb5 25. Rd2 e4 26. Qf1 Qb4 27. Qd1 a4 28. Bxa4 Bxb2 29. Bb3 Bg7 30. Qc2 e3 31. Rd3 d4 32. Rc1 h6 33. Qc4 Qa3 34. Qxe6+ Kh7 35. Rc7 e2 36. Qxe2 Qa5 37. Rxg7+ Kxg7 38. Qe7+ Kh8 39. Qf6+ 1-0


[Site "https://www.chess.com"]

[Event "Titled Tuesday Blitz December 20 Early 2022"]
[White "Mitrabha, Guha"]
[Black "KubaGepard"]
[WhiteFideId "5057000"]
[WhiteElo "2507"]
[BlackElo "2594"]
[Result "1-0"]
[Round "02"]
[TimeControl "180+2"]
[Date "2022.12.20"]
[WhiteClock "0:01:16"]
[BlackClock "0:00:23"]

1. d4 d5 2. f3 c5 3. dxc5 e5 4. c4 d4 5. e3 Bxc5 6. exd4 Bxd4 7. Bd3 Qb6 8. Ne2 Bf2+ 9. Kf1 Bh4 10. Ng3 Nf6 11. c5 Qxc5 12. Nc3 O-O 13. Qa4 Qd4 14. Qxd4 exd4 15. Nb5 Bxg3 16. hxg3 Nc6 17. Bg5 Nb4 18. Bxf6 Nxd3 19. Nc7 gxf6 20. Nxa8 Nxb2 21. Nc7 d3 22. Ke1 Rd8 23. Kd2 Nc4+ 24. Kc3 Nb6 25. Nb5 a6 26. Nd4 d2 27. Rh4 Bd7 28. Kxd2 Nc4+ 29. Ke2 Re8+ 30. Kf2 Ne5 31. Rd1 Ba4 32. Rd2 Rd8 33. Nb3 Nd3+ 34. Rxd3 1-0


[Site "https://www.chess.com"]

[Event "Titled Tuesday Blitz December 20 Early 2022"]
[White "Moh, Teng Keong Deon"]
[Black "Aishath, Aika"]
[WhiteFideId "5700868"]
[BlackFideId "16702026"]
[WhiteElo "2215"]
[BlackElo "2770"]
[Result "1-0"]
[Round "02"]
[TimeControl "180+2"]
[Date "2022.12.20"]
[WhiteClock "0:00:20"]
[BlackClock "0:00:29"]

1. e4 c5 2. c4 Nc6 3. Nc3 g6 4. g3 Bg7 5. Bg2 d6 6. Nge2 e6 7. Rb1 Nge7 8. a3 a5 9. Nb5 e5 10. d3 O-O 11. f4 Bg4 12. h3 Bxe2 13. Qxe2 exf4 14. Bxf4 Nd4 15. Nxd4 Bxd4 16. Be3 Nc6 17. O-O Qg5 18. Rf3 Ne5 19. Kh1 Bxe3 20. Rxe3 a4 21. Rd1 Nc6 22. Kh2 Ra6 23. e5 Nxe5 24. d4 cxd4 25. Rxd4 Rb6 26. Ree4 Nd7 27. Qd2 Nc5 28. Qxg5 Nxe4 29. Bxe4 Rxb2+ 30. Rd2 Rb3 31. Bd5 Rxa3 32. Rf2 Rd3 33. Qe7 Rxd5 34. cxd5 1-0


[Site "https://www.chess.com"]

[Event "Titled Tuesday Blitz December 20 Early 2022"]
[White "Monticone, Sonia"]
[Black "AwareIdea"]
[WhiteFideId "836613"]
[WhiteElo "1887"]
[BlackElo "2513"]
[Result "1-0"]
[Round "02"]
[TimeControl "180+2"]
[Date "2022.12.20"]
[WhiteClock "0:00:41"]
[BlackClock "0:00:12"]

1. e4 e5 2. Nf3 Nc6 3. d4 exd4 4. c3 d5 5. exd5 Qxd5 6. cxd4 Bb4+ 7. Nc3 Bg4 8. Be2 Bxf3 9. Bxf3 Qc4 10. Qb3 Qxb3 11. Bxc6+ bxc6 12. axb3 a5 13. O-O Nf6 14. Bg5 Nd5 15. Ne4 Kd7 16. Rfd1 Rab8 17. Bd2 f5 18. Ng5 Bd6 19. Rxa5 Rxb3 20. Bc1 Re8 21. Kf1 h6 22. Nf3 f4 23. h4 g6 24. Ra4 Nb4 25. Ne5+ Bxe5 26. dxe5+ Nd5 27. Bxf4 Rxb2 28. Bxh6 Ke6 29. Rc4 Rb6 30. Rdc1 Kd7 31. Re1 Re6 32. Bg5 Rb4 33. Rxb4 Nxb4 34. f4 Ke8 35. g4 Nd3 36. Re3 Nc5 37. f5 gxf5 38. gxf5 Re7 39. Bxe7 Kxe7 40. h5 Kf7 41. e6+ Ke7 42. h6 Kf6 43. e7 Kg5 44. e8=Q Kf4 45. Qe5+ 1-0


[Site "https://www.chess.com"]

[Event "Titled Tuesday Blitz December 20 Early 2022"]
[White "Myall, Ivan J"]
[Black "Wild, Achim"]
[WhiteFideId "425168"]
[BlackFideId "4658728"]
[WhiteElo "1924"]
[BlackElo "2265"]
[Result "1-0"]
[Round "02"]
[TimeControl "180+2"]
[Date "2022.12.20"]
[WhiteClock "0:00:53"]
[BlackClock "0:00:04"]

1. e4 a6 2. d4 e6 3. Bd3 d5 4. Nf3 dxe4 5. Bxe4 Nf6 6. Bd3 c5 7. dxc5 Bxc5 8. O-O Nc6 9. Nc3 O-O 10. Bg5 Be7 11. Qe2 Nb4 12. Bc4 b5 13. Rfd1 Qc7 14. Bb3 Bb7 15. a3 Nc6 16. Re1 Rfe8 17. Rad1 Na5 18. Bxe6 fxe6 19. Qxe6+ Kh8 20. Bxf6 gxf6 21. Rd7 Qc6 22. Rxe7 Qxe6 23. R1xe6 Rxe7 24. Rxe7 Bxf3 25. gxf3 Nc4 26. Nd5 Rf8 27. Re6 Nxb2 28. Rxa6 Nc4 29. Nxf6 Nxa3 30. Nxh7 Rxf3 31. Ng5 Rc3 32. Ne4 Rc4 33. Rxa3 Rxe4 34. Rg3 b4 35. h3 Rc4 36. Rg4 Rxc2 37. Rxb4 Rc3 38. Kg2 Kg7 39. Rg4+ Kf6 40. h4 Kf5 41. Rg3 Rc4 42. Kh3 Rf4 43. f3 Ra4 44. h5 Ra1 45. Kh4 Kf6 46. f4 Rf1 47. Kg4 Rh1 48. Rh3 Rg1+ 49. Kf3 Rg7 50. h6 Rh7 51. Kg4 Kf7 52. Kg5 Kg8 53. f5 Kh8 54. Rd3 Re7 55. Kg6 Re8 56. Rd7 Rg8+ 57. Rg7 Rxg7+ 58. hxg7+ Kg8 59. Kf6 Kh7 60. Kf7 1-0


[Site "https://www.chess.com"]

[Event "Titled Tuesday Blitz December 20 Early 2022"]
[White "Najdoski, Toni"]
[Black "Roshka, Yevgeniy"]
[WhiteFideId "15001334"]
[BlackFideId "14129558"]
[WhiteElo "2598"]
[BlackElo "2429"]
[Result "0-1"]
[Round "02"]
[TimeControl "180+2"]
[Date "2022.12.20"]
[WhiteClock "0:00:25"]
[BlackClock "0:00:16"]

1. e4 e5 2. Nf3 Nc6 3. Bc4 Nf6 4. d3 h6 5. Nbd2 d6 6. Nf1 g6 7. Ne3 Bg7 8. O-O O-O 9. c3 a6 10. a4 Be6 11. Bxe6 fxe6 12. Qb3 Qc8 13. Bd2 Kh7 14. Qc2 Nh5 15. b4 Nf4 16. b5 Ne7 17. d4 exd4 18. cxd4 c5 19. bxc6 Nxc6 20. Rab1 Rb8 21. Rfc1 Qe8 22. d5 Ne5 23. Nd4 exd5 24. exd5 Ned3 25. Ne6 Ne2+ 26. Kh1 Nxf2# 0-1


[Site "https://www.chess.com"]

[Event "Titled Tuesday Blitz December 20 Early 2022"]
[White "Narayanan, Srinath"]
[Black "Ekat, Michael"]
[WhiteFideId "5018420"]
[BlackFideId "4689801"]
[WhiteElo "2559"]
[BlackElo "2051"]
[Result "1-0"]
[Round "02"]
[TimeControl "180+2"]
[Date "2022.12.20"]
[WhiteClock "0:02:14"]
[BlackClock "0:00:30"]

1. d4 d5 2. Bf4 e6 3. e3 Bd6 4. Bg3 Nf6 5. Nd2 O-O 6. Ngf3 c5 7. dxc5 Bxc5 8. Bd3 Nc6 9. O-O Re8 10. c4 b6 11. a3 Bb7 12. b4 Be7 13. cxd5 Nxd5 14. Ne4 h6 15. Qb3 a5 16. b5 a4 17. Qc2 Nb8 18. Ne5 Nd7 19. Nc6 Bxc6 20. bxc6 Nc5 21. Nxc5 Bxc5 22. Rfd1 Qe7 23. Bb5 Bxa3 24. e4 Nb4 25. Qc3 Na6 26. Qxa3 1-0


[Site "https://www.chess.com"]

[Event "Titled Tuesday Blitz December 20 Early 2022"]
[White "Nenezic, Marko"]
[Black "Devallee, Jeremie"]
[WhiteFideId "912123"]
[BlackFideId "665240"]
[WhiteElo "2514"]
[BlackElo "2204"]
[Result "0-1"]
[Round "02"]
[TimeControl "180+2"]
[Date "2022.12.20"]
[WhiteClock "0:00:02"]
[BlackClock "0:00:11"]

1. d4 Nf6 2. Nf3 d5 3. g3 g6 4. Bg2 Bg7 5. O-O O-O 6. c4 c6 7. cxd5 cxd5 8. Nc3 Nc6 9. Bf4 Bg4 10. h3 Bxf3 11. Bxf3 Rc8 12. Be5 e6 13. Bxf6 Qxf6 14. e3 Na5 15. Kg2 Nc4 16. Qe2 a6 17. Na4 Rc7 18. Rac1 Rfc8 19. b3 Nd6 20. Rxc7 Rxc7 21. Nc5 Bf8 22. Rc1 Qd8 23. Nd3 Rxc1 24. Nxc1 Qc7 25. Qd2 Nb5 26. Nd3 Ba3 27. Be2 Qc3 28. Qd1 Bd6 29. Qc1 Qxc1 30. Nxc1 Nc3 31. Kf1 Ba3 32. Nd3 Nxa2 33. Ke1 Nc3 34. Bf1 Bd6 35. Kd2 Ne4+ 36. Kc2 f5 37. g4 Kf7 38. f3 Ng5 39. Bg2 Ke7 40. f4 Nf7 41. g5 h6 42. h4 hxg5 43. hxg5 Nd8 44. Bf1 Nc6 45. Be2 Kd7 46. Bf1 Kc7 47. Be2 b5 48. Bf1 Kb6 49. Be2 a5 50. Bf1 a4 51. bxa4 bxa4 52. Nb2 Ka5 53. Nd3 Bc7 54. Be2 Bd6 55. Kb2 a3+ 56. Kb3 Kb6 57. Bf1 Na5+ 58. Ka2 Nc4 59. Nc1 Nxe3 60. Bd3 Ng2 0-1


[Site "https://www.chess.com"]

[Event "Titled Tuesday Blitz December 20 Early 2022"]
[White "NodariousBIG"]
[Black "Manukyan_Artak"]
[WhiteElo "2823"]
[BlackElo "2560"]
[Result "1-0"]
[Round "02"]
[TimeControl "180+2"]
[Date "2022.12.20"]
[WhiteClock "0:01:48"]
[BlackClock "0:00:20"]

1. e4 c6 2. Nc3 d5 3. g3 dxe4 4. Bg2 Nf6 5. Nxe4 Nxe4 6. Bxe4 Nd7 7. Qe2 Nf6 8. Bg2 Bg4 9. Nf3 e6 10. h3 Bh5 11. O-O Be7 12. c3 O-O 13. d4 Nd5 14. g4 Bg6 15. Ne5 Bd6 16. f4 Bxe5 17. dxe5 Ne7 18. Rd1 Qc7 19. Be3 Rfd8 20. c4 c5 21. Qf3 Bd3 22. b3 Rab8 23. Bf2 Bg6 24. Rxd8+ Rxd8 25. Qxb7 Qxb7 26. Bxb7 Rd7 27. Bf3 Rd3 28. Rd1 Rxd1+ 29. Bxd1 f6 30. Bxc5 Kf7 31. exf6 gxf6 32. Bxa7 Bb1 33. a4 Nc6 34. Bb6 Nb4 35. Bc5 Bc2 36. Bxc2 Nxc2 37. a5 Na1 38. a6 Nxb3 39. a7 Nxc5 40. a8=Q 1-0


[Site "https://www.chess.com"]

[Event "Titled Tuesday Blitz December 20 Early 2022"]
[White "NowInChess"]
[Black "Crone, Stephan"]
[BlackFideId "4670175"]
[WhiteElo "2177"]
[BlackElo "1860"]
[Result "0-1"]
[Round "02"]
[TimeControl "180+2"]
[Date "2022.12.20"]
[WhiteClock "0:00:10"]
[BlackClock "0:01:02"]

1. e4 g6 2. d4 Bg7 3. Nf3 d6 4. Bc4 Nf6 5. Qe2 O-O 6. Nc3 Bg4 7. h3 Bxf3 8. Qxf3 Nc6 9. Be3 e5 10. Ne2 exd4 11. Nxd4 Ne5 12. Qe2 Nxc4 13. Qxc4 Nxe4 14. Ne6 fxe6 15. Qxe6+ Rf7 16. Qxe4 Bxb2 17. Rb1 Bc3+ 18. Kf1 b6 19. g3 d5 20. Qe6 d4 21. Rd1 c5 22. Kg2 Qf6 23. Qd5 Rd8 24. Qc4 dxe3 25. Rxd8+ Qxd8 26. Rf1 Qd4 27. Qxf7+ Kxf7 28. fxe3+ Qf6 29. Rxf6+ Kxf6 0-1


[Site "https://www.chess.com"]

[Event "Titled Tuesday Blitz December 20 Early 2022"]
[White "Oleksandr_Bortnyk"]
[Black "Arnaldofdelavaramulet"]
[WhiteElo "2984"]
[BlackElo "2648"]
[Result "1-0"]
[Round "02"]
[TimeControl "180+2"]
[Date "2022.12.20"]
[WhiteClock "0:01:12"]
[BlackClock "0:01:01"]

1. e4 c5 2. c3 d5 3. exd5 Qxd5 4. d4 Nc6 5. Be3 cxd4 6. cxd4 e6 7. Nc3 Qd8 8. Nf3 Nf6 9. Bc4 Bd6 10. O-O O-O 11. a3 Ne7 12. Bg5 Ng6 13. d5 Re8 14. Bb5 Bd7 15. Bxf6 gxf6 16. Bxd7 Qxd7 17. dxe6 fxe6 18. Ne4 Qc6 19. Nxf6+ Kg7 20. Rc1 Qb6 21. Nxe8+ Rxe8 22. Qd4+ Qxd4 23. Nxd4 Be5 24. Rfd1 Kf6 25. g3 Rd8 26. Nb5 Rxd1+ 27. Rxd1 Bxb2 28. Rb1 Be5 29. Nxa7 Bd6 30. a4 1-0


[Site "https://www.chess.com"]

[Event "Titled Tuesday Blitz December 20 Early 2022"]
[White "Ong, Chong Ghee"]
[Black "Nyambe, Maketo"]
[WhiteFideId "5800145"]
[BlackFideId "8700915"]
[WhiteElo "2307"]
[BlackElo "2091"]
[Result "0-1"]
[Round "02"]
[TimeControl "180+2"]
[Date "2022.12.20"]
[WhiteClock "0:00:23"]
[BlackClock "0:00:05"]

1. d4 Nf6 2. Bg5 Ne4 3. Bf4 d5 4. Nd2 Bf5 5. e3 e6 6. Bd3 Nd7 7. Ngf3 Be7 8. Qe2 c5 9. c3 g5 10. Bg3 Qb6 11. Rb1 h5 12. h4 Nxg3 13. fxg3 Bxd3 14. Qxd3 c4 15. Qc2 g4 16. Ng1 f5 17. Ne2 Qa6 18. b3 cxb3 19. axb3 Rc8 20. c4 Nb6 21. Nf4 Kf7 22. c5 Nd7 23. e4 dxe4 24. Nxe4 fxe4 25. Qxe4 Rcg8 26. Rf1 Nf6 27. Qe5 Qc6 28. d5 exd5 29. Nxd5 Qe6 30. Qxe6+ Kxe6 31. Nxe7 Kxe7 32. Ra1 a6 33. Rd1 Rd8 34. Kf2 Rhe8 35. Kg1 Kf7 36. Rxd8 Rxd8 37. Rf5 Rd5 38. Rxd5 Nxd5 39. Kf2 Ke6 40. Ke2 Ke5 41. Kd3 Nb4+ 42. Kc4 Nc6 43. b4 Nd4 44. b5 axb5+ 45. Kb4 Kd5 0-1


[Site "https://www.chess.com"]

[Event "Titled Tuesday Blitz December 20 Early 2022"]
[White "Ordekalog"]
[Black "politeplayer"]
[WhiteElo "2796"]
[BlackElo "2244"]
[Result "1-0"]
[Round "02"]
[TimeControl "180+2"]
[Date "2022.12.20"]
[WhiteClock "0:01:18"]
[BlackClock "0:00:01"]

1. e4 c5 2. d3 e6 3. g3 d5 4. exd5 exd5 5. Bg2 Nf6 6. Nf3 Qe7+ 7. Kf1 Nc6 8. Nc3 h6 9. h3 d4 10. Ne4 Nxe4 11. dxe4 Qxe4 12. Bf4 Qe6 13. Qd2 Be7 14. Re1 Qxa2 15. Bd6 Be6 16. Bxe7 Nxe7 17. b3 Rd8 18. Ne5 Bxb3 19. Qe2 Be6 20. Qb5+ Kf8 21. Kg1 Qxc2 22. Kh2 Qxf2 23. Rhf1 Qd2 24. Qxb7 Qg5 25. h4 Qh5 26. Bf3 Qf5 27. Bg4 Qc2+ 28. Re2 Qb3 29. Bxe6 Qxb7 30. Rxf7+ Ke8 31. Ng6 d3 32. Re3 Nxg6 33. Bd5+ 1-0


[Site "https://www.chess.com"]

[Event "Titled Tuesday Blitz December 20 Early 2022"]
[White "Pastana, Rafael Pedroni"]
[Black "ChessShop"]
[WhiteFideId "2140756"]
[WhiteElo "1978"]
[BlackElo "2502"]
[Result "1-0"]
[Round "02"]
[TimeControl "180+2"]
[Date "2022.12.20"]
[WhiteClock "0:00:42"]
[BlackClock "0:00:52"]

1. c4 c6 2. Nf3 d6 3. Ng1 e5 4. g3 Be7 5. Bg2 f5 6. Nc3 Nf6 7. Nf3 O-O 8. O-O Qe8 9. d4 e4 10. Ne1 d5 11. cxd5 cxd5 12. Bf4 Nc6 13. Nb5 Qh5 14. Rc1 g5 15. Be5 Ng4 16. h3 Nf6 17. Nc2 f4 18. Bxf6 Rxf6 19. g4 Bxg4 20. hxg4 Qxg4 21. f3 exf3 22. exf3 Qd7 23. Qd3 a6 24. Nc3 Rd8 25. Rce1 Bf8 26. Re2 Bg7 27. Rfe1 h5 28. a3 b5 29. Nb4 Nxb4 30. axb4 Rf7 31. Qg6 Kf8 32. Qxg5 Bxd4+ 33. Kf1 Be3 34. Qh6+ Kg8 35. Rd1 d4 36. Ne4 Qf5 37. Bh3 Qxh3+ 38. Rg2+ Qxg2+ 39. Kxg2 Rg7+ 40. Kh2 d3 41. Qe6+ Kh8 42. Qf6 Rg8 43. Ng5 1-0


[Site "https://www.chess.com"]

[Event "Titled Tuesday Blitz December 20 Early 2022"]
[White "Patricks, Anastasia"]
[Black "Arora, Tashika"]
[WhiteFideId "7101929"]
[BlackFideId "459305"]
[WhiteElo "1778"]
[BlackElo "1896"]
[Result "0-1"]
[Round "02"]
[TimeControl "180+2"]
[Date "2022.12.20"]
[WhiteClock "0:02:02"]
[BlackClock "0:02:20"]

1. b3 e5 2. Bb2 Nc6 3. e3 g6 4. h4 h5 5. Nf3 Bg7 6. Ng5 Nge7 7. c4 d5 8. cxd5 Nxd5 9. Bc4 O-O 10. O-O Nb6 11. Bb5 Bf5 12. Qf3 e4 13. Qd1 Bxb2 14. Nc3 Bxc3 0-1


[Site "https://www.chess.com"]

[Event "Titled Tuesday Blitz December 20 Early 2022"]
[White "Patterson, Fheopatrick"]
[Black "bardiya_Daneshvar"]
[WhiteFideId "30939364"]
[WhiteElo "1497"]
[BlackElo "2903"]
[Result "0-1"]
[Round "02"]
[TimeControl "180+2"]
[Date "2022.12.20"]
[WhiteClock "0:00:09"]
[BlackClock "0:01:19"]

1. d4 Nf6 2. Nf3 g6 3. c4 b6 4. g3 Bb7 5. Bg2 Bg7 6. O-O O-O 7. Nc3 Ne4 8. Bd2 Nxd2 9. Qxd2 d6 10. e4 Nd7 11. h4 c5 12. b3 cxd4 13. Nxd4 a6 14. Rad1 Nc5 15. Rfe1 Rc8 16. Bh3 e6 17. Bg2 Qe7 18. Qe2 Nd7 19. Qd2 Rfd8 20. f4 Nf6 21. Bh3 Nh5 22. Kh2 Rc5 23. Nf3 b5 24. Qe3 bxc4 25. b4 Rc7 26. Rc1 Qf8 27. Nd4 e5 28. Nde2 exf4 29. Nxf4 Nxf4 30. gxf4 d5 31. exd5 Bxd5 32. f5 Qxb4 33. fxg6 hxg6 34. Nxd5 Rxd5 35. Qe8+ Kh7 36. Rf1 Qd6+ 37. Kh1 Rd2 38. Bg2 Qg3 39. Rxf7 Qxg2# 0-1


[Site "https://www.chess.com"]

[Event "Titled Tuesday Blitz December 20 Early 2022"]
[White "PattyCastillo"]
[Black "Pietrek, Gerhard"]
[BlackFideId "24631698"]
[WhiteElo "1827"]
[BlackElo "1596"]
[Result "0-1"]
[Round "02"]
[TimeControl "180+2"]
[Date "2022.12.20"]
[WhiteClock "0:02:16"]
[BlackClock "0:02:09"]

1. d4 d5 2. Nf3 Nf6 3. e3 c5 4. Bd3 Nc6 5. b3 Bg4 6. Bb2 cxd4 7. exd4 e6 8. O-O Bd6 9. Nbd2 O-O 10. Re1 Rc8 11. a3 a6 12. Nf1 b5 13. Ne3 Bh5 14. Rc1 Qb6 15. Be2 Rfd8 16. Ne5 Bxe2 17. Qxe2 Nxd4 18. Bxd4 Qxd4 19. Nf3 Qc3 20. Red1 Bxa3 0-1


[Site "https://www.chess.com"]

[Event "Titled Tuesday Blitz December 20 Early 2022"]
[White "Rakesh, Kumar Jena"]
[Black "Harry_Rakkel"]
[WhiteFideId "5084822"]
[WhiteElo "2303"]
[BlackElo "2611"]
[Result "0-1"]
[Round "02"]
[TimeControl "180+2"]
[Date "2022.12.20"]
[WhiteClock "0:01:26"]
[BlackClock "0:01:37"]

1. e4 c5 2. Nf3 e6 3. c4 Nc6 4. d4 cxd4 5. Nxd4 Nf6 6. Nc3 Bb4 7. Nxc6 bxc6 8. e5 Ne4 9. Qd4 Qa5 10. Bd2 Nxd2 11. Kxd2 Rb8 12. b3 O-O 13. Bd3 f6 14. exf6 Rxf6 15. Rhe1 c5 16. Qe5 d6 17. Qxd6 Bxc3+ 18. Kc2 Bxe1 0-1


[Site "https://www.chess.com"]

[Event "Titled Tuesday Blitz December 20 Early 2022"]
[White "Rakhmanov_Aleksandr"]
[Black "AttilaTurzo"]
[WhiteElo "2797"]
[BlackElo "2578"]
[Result "1-0"]
[Round "02"]
[TimeControl "180+2"]
[Date "2022.12.20"]
[WhiteClock "0:00:13"]
[BlackClock "0:00:35"]

1. d4 Nf6 2. c4 e6 3. Nc3 Bb4 4. e3 b6 5. Bd3 Bb7 6. Ne2 c5 7. O-O O-O 8. a3 Ba5 9. Rb1 cxd4 10. exd4 Bxc3 11. Nxc3 d5 12. cxd5 Nxd5 13. Qh5 g6 14. Qh3 Nxc3 15. bxc3 Nd7 16. Bb2 Nf6 17. c4 Nh5 18. Qe3 Qh4 19. g3 Qh3 20. d5 exd5 21. Qd4 f6 22. cxd5 Rad8 23. Be4 Ng7 24. Bg2 Qd7 25. Rbd1 Nf5 26. Qd3 Nd6 27. Rfe1 Rde8 28. h4 Rxe1+ 29. Rxe1 Re8 30. Re6 Rxe6 31. dxe6 Qe7 32. Bxb7 Nxb7 33. Qd5 Nc5 34. Bxf6 Qxe6 35. Qd8+ Kf7 36. Bd4 Qe7 37. Qh8 Ke6 38. Qe5+ Kd7 39. Qd5+ Qd6 40. Qf7+ Qe7 41. Qf3 Qe4 42. Qf7+ Qe7 43. Qg8 Qe1+ 44. Kh2 Qe7 45. Be3 Kc6 46. Qc8+ Kb5 47. Qg8 Ka4 48. Qc4+ Ka5 49. Bd2# 1-0


[Site "https://www.chess.com"]

[Event "Titled Tuesday Blitz December 20 Early 2022"]
[White "RamyresCoelho"]
[Black "GiorgianBarbosa"]
[WhiteElo "2223"]
[BlackElo "2484"]
[Result "0-1"]
[Round "02"]
[TimeControl "180+2"]
[Date "2022.12.20"]
[WhiteClock "0:00:01"]
[BlackClock "0:00:33"]

1. e4 c5 2. Nf3 d6 3. d4 cxd4 4. Nxd4 Nf6 5. Nc3 g6 6. f4 Bg7 7. e5 Nh5 8. g4 Nxf4 9. Bxf4 dxe5 10. Bb5+ Bd7 11. Bxd7+ Nxd7 12. Be3 exd4 13. Bxd4 e5 14. Be3 O-O 15. O-O Rc8 16. Qd5 Nb6 17. Qxb7 Nc4 18. Bxa7 Rc7 19. Qa6 Qa8 20. Nb5 Ne3 21. Rf2 Rc4 22. h3 Nxg4 23. hxg4 Rxg4+ 24. Kh2 Rh4+ 25. Kg3 Qe4 26. Rf3 Bh6 27. Be3 Qg4+ 28. Kf2 Rh2+ 29. Ke1 Qxf3 30. Nd6 Bxe3 31. Qf1 Bd2# 0-1


[Site "https://www.chess.com"]